 Dungeon Crawl Stone Soup version 0.28-a0-1235-g7c8fac35f0 (webtiles) character file.

Game seed: 5344792519341460869

96 torgal the Skirmisher (level 4, -2/45 HPs)
             Began as a Troll Fighter on Dec 24, 2021.
             Slain by a killer bee (6 damage)
             ... on level 4 of the Dungeon.
             The game lasted 00:14:09 (2008 turns).

torgal the Skirmisher (Troll Fighter)               Turns: 2008, Time: 00:14:10

Health: -2/45      AC:  4    Str: 28 (32) XL:     4   Next: 41%
Magic:  3/3        EV:  8    Int: -4 (4)  God:
Gold:   91         SH:  7    Dex:  9      Spells: 3/3 levels left

rFire   . . .      SeeInvis .     - Unarmed
rCold   . . .      Faith    .   b - +0 kite shield
rNeg    . . .      Spirit   .   a - +0 robe
rPois   .          Reflect  .   (helmet restricted)
rElec   .          Harm     .   (no cloak)
rCorr   .          Rampage  .   (gloves unavailable)
Will    .....                   (boots unavailable)
Stlth   +.........              (no amulet)
HPRegen 0.95/turn               k - +6 ring of strength
MPRegen 0.08/turn               (no ring)

@: lethally poisoned (-2 -> -5), slowed, lost intelligence, unable to read, very
slow
A: large, unfitting armour, claws 3, regeneration 1, shaggy fur 1, tough skin 1
a: no special abilities


You were on level 4 of the Dungeon.
You visited 1 branch of the dungeon, and saw 4 of its levels.

You collected 91 gold pieces.

Inventory:

Hand Weapons
 f - a +2 falchion of protection
Missiles
 d - 84 stones
 e - 31 poisoned darts (quivered)
Armour
 a - a +0 robe (worn)
 b - a +0 kite shield (worn)
 g - a +0 robe
 n - a scarf of shadows
Jewellery
 k - a +6 ring of strength (left claw)
Scrolls
 h - 2 scrolls of fear
 i - a scroll of identify
Potions
 c - a potion of might
 j - 2 potions of flight
 l - a potion of berserk rage {unknown}
 m - a potion of brilliance {unknown}


   Skills:
 + Level 3.0 Fighting
 + Level 1.0 Throwing
 + Level 3.0 Dodging
 + Level 3.0 Shields
 + Level 2.6 Unarmed Combat


You had 3 spell levels left.
You didn't know any spells.
Your spell library contained the following spells:

 Spells                   Type           Power      Damage    Failure   Level
 Animate Skeleton         Necr           0%         N/A       95%         1
 Magic Dart               Conj           0%         1d3       95%         1
 Pain                     Necr           0%         1d4       95%         1
 Slow                     Hex            0%         N/A       95%         1
 Call Imp                 Summ           0%         N/A       99%         2
 Confusing Touch          Hex            0%         N/A       100%        3
 Frozen Ramparts          Ice            0%         1d2       100%        3
 Mephitic Cloud           Conj/Pois/Air  0%         N/A       100%        3
 Vampiric Draining        Necr           0%         2d6       100%        3
 Ice Form                 Ice/Tmut       0%         N/A       100%        4
 Summon Ice Beast         Ice/Summ       0%         N/A       100%        4


Dungeon Overview and Level Annotations

Branches:
Dungeon (4/15)
 Temple: D:4-7

Altars:
Cheibriados

Annotations:
D:4 Eustachio


Innate Abilities, Weirdness & Mutations

You are too large for most types of armour.
You have claws for hands.
Your natural rate of healing is unusually fast.
You are covered in fur. (AC +1)
You have tough skin. (AC +1)


Message History

You miss the killer bee.
You feel sick. You block the killer bee's attack.
The killer bee barely misses you.
Eustachio casts a spell.
Eustachio blinks!
The killer bee completely misses you. Eustachio barely misses you.
You closely miss the killer bee.
You feel sick.
You block the killer bee's attack. x2; Eustachio closely misses you.
The killer bee stings you.
Throw: 32 darts (poison)
Press: ? - help, Q - select action, (/) - cycle Shift-Dir - straight line, f/p - Eustachio
Aim: Eustachio, wielding a +0 falchion, wearing a +0 leather armour and carrying a wand of flame (9) (41% to hit)
You throw a poisoned dart.
The poisoned dart closely misses Eustachio.
You feel sick.
You are no longer poisoned.
The killer bee closely misses you. The killer bee stings you.
You are poisoned.
The killer bee poisons you!
Eustachio gestures wildly while chanting.
Eustachio blinks!
The killer bee stings you.
You feel very sick. The killer bee stings you.
You are more poisoned.
The killer bee poisons you! The killer bee stings you.
Eustachio gestures wildly while chanting.
Eustachio blinks!
The killer bee stings you. The killer bee closely misses you.
You claw the killer bee!
The killer bee is almost dead.
You feel very sick. The killer bee stings you. x3
* * * LOW HITPOINT WARNING * * *
You are more poisoned.
The killer bee poisons you!
You barely miss the killer bee.
The killer bee is almost dead.
* * * LOW HITPOINT WARNING * * *
You feel very sick. You block the killer bee's attack.
The killer bee misses you. You block the killer bee's attack.
The killer bee stings you.
You die...

#. #. ##.#
... .####..
.......
(###..Z######
...$..@yy@.<#
.=....(######
.......
(......
.....$.
.......
...#...
.......


You could see Eustachio, 2 killer bees and a howler monkey skeleton.

Vanquished Creatures
  4 adders
  A worm (D:3)
  2 dart slugs
  4 orcs
  5 endoplasms
  3 giant cockroaches
  3 goblins
  5 hobgoblins
  2 jackals (D:1)
  2 kobolds
  3 quokkas
  A ball python (D:3)
  6 bats
  3 frilled lizards (D:2)
  2 rats (D:2)
46 creatures vanquished.

Notes
Turn   | Place    | Note
-------+----------+-------------------------------------------
     0 | D:1      | torgal the Troll Fighter began the quest for the Orb.
     0 | D:1      | Reached XP level 1. HP: 22/22 MP: 0/0
    85 | D:1      | Reached XP level 2. HP: 29/29 MP: 1/1
   184 | D:1      | Found a faded altar of an unknown god.
   203 | D:1      | Prayed at the altar of an unknown god.
   203 | D:1      | Became a worshipper of Cheibriados the Contemplative
   203 | D:1      | Reached * piety under Cheibriados
   656 | D:2      | Found Dirudwu's Antique Armour Emporium.
   695 | D:2      | Reached XP level 3. HP: 36/36 MP: 2/2
   799 | D:2      | Reached ** piety under Cheibriados
  1073 | D:3      | Fell from the grace of Cheibriados
  1301 | D:3      | Reached XP level 4. HP: 44/44 MP: 3/3
  1613 | D:3      | Lost intelligence.
  1811 | D:3      | Reached skill level 1 in Throwing
  2000 | D:4      | Noticed Eustachio
  2008 | D:4      | Slain by a killer bee

Illustrated notes

Levels and vault maps discovered:
D:1:      roderic_dead_forest, layout_basic, ebering_ecumenical_altar_mist
D:2:      layout_rooms, serial_shops, shop, item_on_display_a
D:3:      layout_rooms, serial_co_window_serial, co_window_corner_a,
          co_window_corner_a, co_window_corner_a, co_window_paths_a,
          co_window_paths_a, co_window_of_opportunity_a, co_window_corner_a,
          co_window_paths_a, co_window_paths_b, co_window_unsneaky_path_d,
          co_window_corner_b, co_window_unsneaky_path_c, co_window_broadway_a,
          co_window_unsneaky_path_d, co_window_corner_ca, glass_columns_c,
          glass_columns_c, glass_columns_a, glass_columns_a, glass_columns_a
D:4:      layout_basic, marbit_many_paths, nicolae_ossuary_entry_ruins,
          uniq_crazy_yiuf_cottage, uniq_natasha, uniq_eustachio

Skill      XL: |  1  2  3  4 |
---------------+-------------+-----
Fighting       | 3 |  3.0
Dodging        | 3 |  3.0
Throwing       | 1 |  1.0
Shields        | 3 |  3.0
Unarmed Combat | |  2.6

Action                   |  1- 3 |  4- 6 || total
-------------------------+-------+-------++-------
Melee: Unarmed           |    77 |    23 ||   100
Throw: Dart              |    22 |    13 ||    35
Invok: Renounce Religion |     1 |       ||     1
  Use: Scroll            |     5 |     2 ||     7
       Potion            |     2 |     1 ||     3
Armor: Robe              |    28 |     5 ||    33
Dodge: Dodged            |    25 |    14 ||    39
Block: Kite shield       |    30 |    14 ||    44

Table legend: (Time is in decaauts)
 A = Elapsed time spent in this place.
 B = Non-inter-level travel time spent in this place.
 C = Inter-level travel time spent in this place.
 D = Time resting spent in this place.
 E = Time spent auto-exploring this place.
 F = Levels seen in this place.
 G = Mean time per level.
                   A        B        C        D        E       F      G
               +--------+--------+--------+--------+--------+-----+--------+
         Total |   3019 |   2903 |    116 |      0 |   2064 |   4 |  754.8 |
       Dungeon |   3019 |   2903 |    116 |      0 |   2064 |   4 |  754.8 |
               +--------+--------+--------+--------+--------+-----+--------+

Top non-repeatable levels by time:
     D:3: 1673 daAuts
     D:1: 708 daAuts
     D:2: 615 daAuts
     D:4: 22 daAuts
